cohdb
Replays
Latest Replays
All Replays
Popular Replays
Top Player Replays
Match Explorer
How It Works
Community
CoH3 Stats
Reddit
Sign in to upload your games and track your stats! →
Sign in with Steam
Match 39192962
Unlisted
Match 39192962
Overview
Messages
Build Orders
End
Engineer Squad
Construct Barracks
Selects Armored Battlegroup
Selects Armored Battlegroup
Selects Armored Battlegroup
Selects Veteran Crews
Riflemen Squad
Riflemen Squad
Grenade Package
Riflemen Squad
Mechanized Support Center
Construct Weapon Support Center
STALKER4732
kit.ohume
Devochkin
auv
BES2
El Macho
0
0
Comments
sign in to comment!
No comments posted yet!